 Dungeon Crawl Stone Soup version 0.32-a0-355-ged53ad6fd3 (webtiles) character file.

Game seed: 8916224016136050680

4256 Amplified the Fighter (level 10, -8/82 HPs)
             Began as a Demonspawn Wanderer on Feb 18, 2024.
             Was an Initiate of Gozag.
             Killed from afar by Maurice (14 damage)
             ... with a bolt of acid
             ... on level 7 of the Dungeon.
             The game lasted 00:13:18 (7345 turns).

Amplified the Fighter (Demonspawn Wanderer)         Turns: 7345, Time: 00:13:20

Health: -8/82      AC:  7    Str: 28    XL:     10   Next: 10%
Magic:  1/11       EV: 11    Int: 11    God:    Gozag
Gold:   0          SH:  6    Dex: 15    Spells: 9/11 levels left

rFire   + . .        b - +2 whip (elec)
rCold   . . .        l - +0 buckler
rNeg    . . .        m - +2 robe {rF+}
rPois   .            (no helmet)
rElec   .            (no cloak)
rCorr   .            n - +0 pair of gloves
SInv    .            q - +1 pair of boots
Will    .....        (no amulet)
Stlth   ++           k - +6 ring of strength
HPRegen 0.33/turn    f - +6 ring of strength
MPRegen 0.12/turn

%: no passive effects
@: about to teleport, corroded
A: hooves 2, molten scales 2, ignite blood 1, spiny 2
a: Renounce Religion, Potion Petition, Call Merchant, Bribe Branch


You were on level 7 of the Dungeon.
You worshipped Gozag.
Gozag was noncommittal.
You visited 2 branches of the dungeon, and saw 9 of its levels.

You collected 730 gold pieces.
You paid 730 gold pieces to Gozag.

Inventory:

Hand Weapons
 b - a +2 whip of electrocution (weapon)
 c - a +4 short sword of electrocution
Armour
 l - a +0 buckler (worn)
 m - a +2 robe of fire resistance (worn)
 n - a +0 pair of gloves (worn)
 q - a +1 pair of boots (worn)
Jewellery
 f - a +6 ring of strength (right hand)
 k - a +6 ring of strength (left hand)
Scrolls
 e - a scroll of immolation
 g - a scroll of vulnerability
 h - 4 scrolls of amnesia
 j - 2 scrolls of noise
 u - 2 scrolls of identify
Potions
 r - a potion of magic


   Skills:
 - Level 8.6 Fighting
 * Level 0.0 Maces & Flails
 - Level 1.0 Throwing
 - Level 7.7 Armour
 - Level 1.0 Stealth
 - Level 7.6 Shields
 - Level 1.0 Spellcasting
 - Level 2.0 Summonings
 - Level 3.6 Translocations


You had 9 spell levels left.
You knew the following spells:

 Your Spells              Type           Power      Damage    Failure   Level
a - Apportation           Tloc           16%        N/A       9%          1
b - Summon Small Mammal   Summ           16%        N/A       16%         1

Your spell library contained the following spells:

 Spells                   Type           Power      Damage    Failure   Level
 Sandblast                Erth           0%         2d4       34%         1
 Call Canine Familiar     Summ           4%         N/A       43%         3
 Summon Ice Beast         Ice/Summ       2%         N/A       56%         3
 Manifold Assault         Tloc           8%         N/A       63%         4
 Passwall                 Erth           0%         N/A       71%         3
 Sigil of Binding         Hex            0%         N/A       71%         3
 Stone Arrow              Conj/Erth      0%         3d7       71%         3
 Dimensional Bullseye     Hex/Tloc       2%         N/A       86%         4
 Iskenderun's Mystic Bla  Conj/Tloc      4%         2d3       86%         4
 Brom's Barrelling Bould  Conj/Erth      0%         2d3       98%         4
 Summon Mana Viper        Hex/Summ       2%         N/A       100%        5
 Dispersal                Tloc           4%         N/A       100%        6
 Monstrous Menagerie      Summ           2%         N/A       100%        7
 Disjunction              Tloc           4%         N/A       100%        8


Dungeon Overview and Level Annotations

Branches:
Dungeon (8/15)             Temple (1/1) D:4
   Lair: D:8-11

Altars:
Ashenzari
Cheibriados
Dithmenos
Fedhas
Gozag
Hepliaklqana
Kikubaaqudgha
Makhleb
Nemelex Xobeh
Okawaru
Qazlal
Ru
Sif Muna
Trog
Uskayaw
Vehumet
Wu Jian
Xom
Yredelemnul

Annotations:
D:5 Check Yiuf, Grinder
D:6 3 runed translucent doors, Vontreibholz's ghost, novice MDFi
D:7 Maurice


Innate Abilities, Weirdness & Mutations

You have hoof-like feet.
You are mostly covered in molten scales. (AC +3)
Your demonic aura sometimes causes spilled blood to erupt in flames.
You are mostly covered in sharp spines.


Message History

You feel sick.
You hear some strange, mumbled words.
You swing at nothing.
You feel sick.
Your bat hits something but does no damage.
Something misses your bat. Something barely misses your bat.
Unknown command.
You swing at nothing.
You feel less wooden.
Your +0 pair of gloves unmelds from your body.
Your +1 pair of boots unmelds from your body.
Your +2 robe of fire resistance unmelds from your body.
You feel resistant to fire.
You feel sick.
Your bat barely misses something.
You hear a zap.
A bolt of acid appears from out of thin air!
The bolt of acid hits your bat! The acid corrodes your bat!
Your bat dies!
Your bat's corpse disappears in a puff of smoke!
You hear a shout!
Unknown command.
You swing at nothing.
You feel sick.
You hear a zap.
A bolt of acid appears from out of thin air!
The bolt of acid hits you!
* * * LOW HITPOINT WARNING * * *
The acid corrodes you!
Unknown command.
Okay, then.
Okay, then.
You need at least 400 gold to purchase potions right now!
Unknown command.
As you read the scroll of teleportation, it crumbles to dust.
You feel strangely unstable.
You feel sick.
Unknown command.
You feel sick.
You are no longer poisoned.
You hear a zap.
A bolt of acid appears from out of thin air!
The bolt of acid hits you!
You die...
Your body crumbles into a pile of gold.

#######...# ##########
####.........#
#........######.......##...'
#........#.().......#.##...#
#.........{.#########>###..#
#........##.# #.###.##
#........##.# #..)#.#
########.##.# #####...##
#.##@# #......... #.#..#
#......... #.#.## #.........
#.>..## #......... ##....#
####..#### ##.##.# ##.##
#..##.# ##..# ###.###.#
#...# #...# #.# ###.#.#


There were no monsters in sight!

Vanquished Creatures
  Prince Ribbit (D:7)
  2 wyverns
  6 yaks (D:8)
  A steam dragon (D:7)
  A water moccasin (D:7)
  Duvessa (D:7)
  2 sky beasts
  3 orc warriors
  An ice beast (D:7)
  4 ogres
  A centaur (D:6)
  A phantom (D:5)
  2 kobold brigands
  A gnoll sergeant (D:6)
  2 bullfrogs (D:7)
  2 scorpions
  Dowan (D:7)
  8 wights (D:7)
  2 howler monkeys
  2 orc priests
  A hound (D:4)
  2 sleepcaps
  2 orc wizards (D:8)
  4 adders
  8 gnolls
  2 shadow imps
  4 ufetubi (D:6)
  2 dart slugs (D:4)
  2 ribbon worms
  24 orcs
  7 ball pythons
  4 endoplasms (D:1)
  2 giant cockroaches (D:1)
  7 goblins
  11 hobgoblins
  3 jackals (D:3)
  13 kobolds
  4 quokkas
  10 bats
  2 frilled lizards
  7 rats
165 creatures vanquished.

Notes
Turn   | Place    | Note
-------+----------+-------------------------------------------
     0 | D:1      | Amplified the Demonspawn Wanderer began the quest for the
                  | Orb.
     0 | D:1      | Amplified set off with the following items: a +0 dagger, a
                  | potion of curing, a +0 robe, a +0 buckler; and the
                  | following spells available to memorise: Apportation, Summon
                  | Small Mammal, Call Canine Familiar, Manifold Assault,
                  | Iskenderun's Mystic Blast.
     0 | D:1      | Reached XP level 1. HP: 13/13 MP: 2/2
    17 | D:1      | Learned a level 1 spell: Apportation
   174 | D:1      | Gained mutation: You are partially covered in molten
                  | scales. (AC +2) [demonic ancestry]
   174 | D:1      | Reached XP level 2. HP: 20/20 MP: 3/3
   226 | D:1      | Reached skill level 1 in Fighting
   250 | D:1      | Reached skill level 1 in Armour
   549 | D:1      | Learned a level 1 spell: Summon Small Mammal
   565 | D:1      | Gained mutation: You are partially covered in sharp spines.
                  | [demonic ancestry]
   565 | D:1      | Reached XP level 3. HP: 23/26 MP: 4/4
  1175 | D:2      | Gained mutation: You have large cloven feet. [demonic
                  | ancestry]
  1175 | D:2      | Reached XP level 4. HP: 33/33 MP: 5/5
  1212 | D:2      | Reached skill level 2 in Fighting
  1475 | D:2      | Noticed a scorpion
  1487 | D:2      | Killed a scorpion
  1753 | D:3      | Identified a scroll of acquirement
  1753 | D:3      | Acquired 696 gold pieces
  1800 | D:3      | Gained mutation: You have hoof-like feet. [demonic
                  | ancestry]
  1800 | D:3      | Reached XP level 5. HP: 39/39 MP: 6/6
  2141 | D:3      | Reached skill level 3 in Fighting
  2561 | D:4      | Found a staircase to the Ecumenical Temple.
  2571 | D:4      | Noticed an ogre
  2626 | Temple   | Entered the Ecumenical Temple
  2643 | Temple   | Became a worshipper of Gozag Ym Sagoz the Greedy
  2728 | D:4      | Gained mutation: Your demonic aura sometimes causes spilled
                  | blood to erupt in flames. [demonic ancestry]
  2728 | D:4      | Reached XP level 6. HP: 40/47 MP: 7/7
  3454 | D:5      | Entered Level 5 of the Dungeon
  3474 | D:5      | Noticed Grinder
  3523 | D:5      | Found a basalt altar of Yredelemnul.
  3524 | D:5      | Noticed an orc warrior
  3526 | D:5      | Reached skill level 4 in Fighting
  3527 | D:5      | Noticed a water moccasin
  3535 | D:4      | Killed an orc warrior
  3536 | D:4      | Reached XP level 7. HP: 52/54 MP: 8/8
  3627 | D:5      | Identified the +3 war axe of Xuqyrref {holy, rF- Str+3
                  | Stlth+}
  3773 | D:5      | Noticed a steam dragon
  3861 | D:6      | Found a runed translucent gate.
  3861 | D:6      | Found a runed translucent gate.
  3861 | D:6      | Found a runed translucent gate.
  3864 | D:6      | Reached skill level 5 in Fighting
  3957 | D:6      | Identified the +4 flail "Xiokut" {freeze, *Slow Will++
                  | Str+4}
  3977 | D:6      | Reached XP level 8. HP: 47/62 MP: 9/9
  4088 | D:6      | Reached skill level 5 in Shields
  4135 | D:6      | Found a blossoming altar of Fedhas.
  4311 | D:6      | Reached skill level 5 in Armour
  4783 | D:6      | Noticed Vontreibholz's ghost (novice MDFi)
  5021 | D:7      | Reached skill level 6 in Fighting
  5184 | D:7      | Gained mutation: You are mostly covered in sharp spines.
                  | [demonic ancestry]
  5184 | D:7      | Reached XP level 9. HP: 65/71 MP: 10/10
  5436 | D:7      | Noticed Prince Ribbit
  5443 | D:7      | Killed Prince Ribbit
  5444 | D:7      | Reached skill level 7 in Fighting
  5547 | D:7      | Found a blossoming altar of Fedhas.
  5547 | D:7      | Noticed Dowan
  5549 | D:7      | Found a shimmering altar of Xom.
  5549 | D:7      | Found a bloodstained altar of Trog.
  5549 | D:7      | Noticed Duvessa
  5555 | D:7      | Killed Dowan
  5560 | D:7      | Noticed Maurice
  5885 | D:7      | Killed Duvessa
  5887 | D:7      | Something stole 668 gold
  5890 | D:7      | Something stole a ring of protection from fire
  5900 | D:7      | Something stole a maw talisman
  5901 | D:7      | Something stole a +0 dagger
  6084 | D:8      | Found a sacrificial altar of Ru.
  6400 | D:8      | Reached skill level 8 in Fighting
  6752 | D:8      | Gained mutation: You are mostly covered in molten scales.
                  | (AC +3) [demonic ancestry]
  6752 | D:8      | Reached XP level 10. HP: 61/82 MP: 11/11
  6909 | D:8      | Noticed a +0 hand axe
  6910 | D:8      | Noticed a +0 hand axe
  6911 | D:8      | Found a hide-covered altar of Uskayaw.
  7175 | D:8      | Found a sparkling altar of Nemelex Xobeh.
  7304 | D:7      | Something stole 70 gold
  7305 | D:7      | Something stole 179 gold
  7317 | D:7      | Something stole 168 gold
  7345 | D:7      | Killed from afar by Maurice

Illustrated notes

Levels and vault maps discovered:
D:1:      matt_arrival_diagonals, layout_basic, minmay_misc_feat_square
D:2:      layout_basic, basic_altar
D:3:      cheibrodos_greedy_goblins, layout_rooms, amcnicky_mini_pool_small,
          dreamdust_princess_bridge
D:4:      layout_gridville, temple_statues
D:5:      layout_rooms, hangedman_feature_mirror, minmay_misc_feat_iff,
          dreamdust_gnoll_farm, uniq_crazy_yiuf_cottage, uniq_grinder,
          uniq_sigmund
D:6:      layout_basic, amcnicky_altar_gilded, gammafunk_ghost_icy,
          serial_bayou_pond_d, minmay_misc_feat_diagonals
D:7:      layout_rooms, doesnt_xom_only_xom, uniq_prince_ribbit1, uniq_duvessa,
          uniq_maurice
D:8:      layout_rooms, mainiacjoe_overflow_brackets, kennysheep_mini_moat,
          dancing_weapons_uskayaw, kennysheep_generic_room_16
Temple:   nicolae_temple_bog_church

Skill      XL: |  1  2  3  4  5  6  7  8  9 |
---------------+----------------------------+-----
Fighting       | 1 2 3 4 5 6 8 |  8.6
Armour         | 1 2 3 4 6 7 |  7.7
Shields        | 2 3 4 6 7 |  7.6
Throwing       | |  1.0
Stealth        | |  1.0
Spellcasting   | |  1.0
Summonings     | |  2.0
Translocations | |  3.6

Action                     |  1- 3 |  4- 6 |  7- 9 | 10-12 || total
---------------------------+-------+-------+-------+-------++-------
  Melee: Dagger            |    86 |       |       |       ||    86
         Short sword       |    31 |   114 |   216 |    19 ||   380
         Kick              |       |    25 |    21 |       ||    46
         Whip              |       |       |       |    18 ||    18
  Throw: Throwing net      |       |       |     1 |       ||     1
         Dart              |       |       |       |     3 ||     3
   Cast: Summon Small Mamm |     3 |       |     1 |     3 ||     7
 Invoke: Potion Petition   |       |       |     2 |       ||     2
  Evoke: Wand              |       |       |    14 |       ||    14
    Use: Scroll            |     4 |     3 |    11 |     2 ||    20
         Potion            |     1 |     4 |     5 |     1 ||    11
   Stab: Sleeping          |     1 |       |     1 |       ||     2
         Distracted        |       |       |     3 |       ||     3
 Armour: Robe              |    50 |       |       |    13 ||    63
         Leather armour    |    16 |    67 |   142 |     4 ||   229
         Skin              |       |       |       |    22 ||    22
  Dodge: Dodged            |    57 |    47 |    80 |     6 ||   190
  Block: Buckler           |    30 |    24 |    43 |     3 ||   100

Table legend: (Time is in decaauts)
 A = Elapsed time spent in this place.
 B = Non-inter-level travel time spent in this place.
 C = Inter-level travel time spent in this place.
 D = Time resting spent in this place.
 E = Time spent auto-exploring this place.
 F = Levels seen in this place.
 G = Mean time per level.
                   A        B        C        D        E       F      G
               +--------+--------+--------+--------+--------+-----+--------+
         Total |   7342 |   6996 |    346 |   1386 |   4047 |   9 |  815.8 |
       Dungeon |   7308 |   6995 |    313 |   1386 |   4047 |   8 |  913.5 |
        Temple |     34 |      1 |     33 |      0 |      0 |   1 |   34.0 |
               +--------+--------+--------+--------+--------+-----+--------+

Top non-repeatable levels by time:
     D:6: 1358 daAuts
     D:8: 1348 daAuts
     D:2: 1065 daAuts
     D:4: 976 daAuts
     D:1: 970 daAuts
     D:7: 819 daAuts
     D:3: 533 daAuts
     D:5: 237 daAuts
  Temple: 34 daAuts
